cohdb
Replays
Latest Replays
All Replays
Popular Replays
Top Player Replays
Match Explorer
How It Works
Community
CoH3 Stats
Reddit
Sign in to upload your games and track your stats! →
Sign in with Steam
Match 43746917
Unlisted
Match 43746917
Overview
Messages
Build Orders
End
Construct Infanterie Kompanie
Selects Italian Coastal Battlegroup
Selects Coastal Reserves
Coastal Reserve
MG 42 Machine Gun Team
GrW 34 Mortar Team
Coastal Reserve
MG 42 Machine Gun Team
Selects Artillery Officer
Artillery Officer
MG 42 Machine Gun Team
Construct Panzergrenadier Kompanie
Selects Support Bunkers
Pak 40 Anti-tank Gun Team
Coastal Reserve
Selects Designated Artillery Overwatch
Anti-tank Bunker
Medical Bunker
Selects Bulwark
Support Elements
MG 42 Bunker
VenuM
Gremchick
Граф Гематоген
Vet. Andrew Phillips
Lt.Col. Stan Ocelot "Lancelot"
2Lt. Michael Wood "CroqueMort"
0
0
Comments
sign in to comment!
No comments posted yet!